[Event "Team 45 45 League T28"]
[Site "Free Internet Chess Server"]
[Date "PDT.10.0"]
[Round "4"]
[White "BIRDSMAN"]
[Black "Implications"]
[Result "1/2-1/2"]
[WhiteElo "1665"]
[BlackElo "1624"]
[TimeControl "2700+45"]

1. e4 e5 2. Nf3 Nc6 3. Bb5 a6 4. Bxc6 dxc6 5. O-O Bg4 6. h3 Bh5 7. g4 Bg6 8. Nxe5 Bd6 9. Nf3 Nf6 10. e5 Bxe5 11. Nxe5 Qd4 12. Nf3 Qd5 13. Nc3 Qd7 14. Re1+ Kd8 15. d3 Nxg4 16. Bg5+ f6 17. Bh4 Ne5 18. Nxe5 Qxh3 19. Nxc6+ bxc6 20. Bg3 Bh5 21. Bxc7+ Kxc7 22. Re3 Qxe3 23. Qxh5 Qg5+ 24. Qxg5 fxg5 25. Ne4 Rab8 26. b3 Rb5 27. a4 Rf5 28. b4 Rhf8 29. b5 cxb5 30. axb5 Rxb5 31. Rxa6 Kb7 32. Re6 Ka7 33. Re7+ Rb7 34. Rxb7+ Kxb7 35. Nxg5 h6 36. Ne4 Kc6 37. Kg2 Kd5 38. c3 Ra8 39. Kf3 Ra1 40. Ng3 g6 41. Ke3 Re1+ 42. Kd2 Re8 43. f4 h5 44. c4+ Kc5 45. f5 gxf5 46. Nxh5 Ra8 47. Ke3 Re8+ 48. Kf4 Rd8 49. Kxf5 Rxd3 50. Nf4 Rc3 51. Ke5 Rxc4 52. Ne6+ Kc6 53. Nd4+ Kd7 54. Kd5 Ra4 55. Kc5 Ra6 56. Kb5 Ra1 57. Kc5 Ra3 58. Nb5 Ra6 59. Nd4 Rh6 60. Kd5 Rh5+ 61. Ke4 Kd6 62. Nf5+ Kc6 63. Nd4+ Kc5 64. Ne6+ Kd6 65. Nd4 Rh4+ 66. Ke3 Kd5 67. Nf3 Rb4 68. Nd2 Ra4 69. Nf3 Ke6 70. Nd4+ Kd5 71. Nf3 Ke6 72. Nd4+ Ke5 73. Nf3+ Kd5 74. Nd2 Ke5 75. Nf3+ Kf5 76. Nd4+ Kg4 77. Ke4 Rb4 78. Kd5 Rb1 79. Ne6 Rb6 80. Nd4 Kf4 81. Kc5 Rg6 82. Nc6 Ke4 83. Nb4 Rg7 84. Kc4 Rc7+ 85. Kb5 Rc1 86. Nc6 Rc3 87. Nb4 Kd4 88. Nc6+ Kd5 89. Nb4+ Kd6 90. Na2 Rc8 91. Nb4 Ke5 92. Nc6+ Ke4 93. Kc5 Rg8 94. Kd6 Rg5 95. Kd7 Rg6 96. Ne7 Ra6 97. Nc8 Kf5 98. Ne7+ Kf6 99. Nd5+ Ke5 100. Ne7 Ra7+ 101. Kd8 Ke6   {Game drawn by the 50 move rule} 1/2-1/2

[Event "Team 45 45 League T28"]
[Site "Free Internet Chess Server"]
[Date "PDT.10.0"]
[Round "4"]
[White "pollock"]
[Black "Vinoblanca"]
[Result "1-0"]
[WhiteElo "1693"]
[BlackElo "1530"]
[TimeControl "2700+45"]

1. e4 e5 2. f4 d6 3. Nf3 Nd7 4. Bc4 Be7 5. fxe5 Nxe5 6. Bb3 Bg4 7. d4 Nxf3+ 8. gxf3 Bh5 9. Bf4 Nf6 10. Nd2 Qd7 11. Qe2 O-O-O 12. O-O-O Qc6 13. d5 Qd7 14. Be3 Kb8 15. Qc4 Rc8 16. Ba4 Qh3 17. Bc6 b6 18. Qa6   {Black resigns} 1-0

[Event "Team 45 45 League T28"]
[Site "Free Internet Chess Server"]
[Date "2005.10.11"]
[Round "4"]
[White "SuperDiman"]
[Black "dianabutterfly"]
[Result "0-1"]
[WhiteElo "1474"]
[BlackElo "1322"]
[TimeControl "2700+45"]

1. d4 d5 2. c3 Nf6 3. e3 Bd7 4. Nf3 e6 5. Be2 Bd6 6. b3 b5 7. Ba3 Bxa3 8. Nxa3 a6 9. c4 c6 10. Ne5 Qa5+ 11. Qd2 Qxa3 12. cxb5 Qe7 13. bxc6 Nxc6 14. Qc2 Qb4+ 15. Kd1 Nxe5 16. dxe5 Ne4 17. Bd3 O-O 18. f3 Nc3+ 19. Kc1 g6 20. a3 Qc5 21. Kb2 Rfc8 22. Rac1 Qxe3 23. Rhe1 Qb6 24. Qd2 Na4+ 25. Ka2 Nc5 26. b4 Nxd3 27. Rxc8+ Rxc8 28. Qxd3 Ba4 29. Re2 Bb5   {White resigns} 0-1

[Event "Team 45 45 League T28"]
[Site "Free Internet Chess Server"]
[Date "PDT.10.0"]
[Round "4"]
[White "RFFISCHER"]
[Black "maglover"]
[Result "1-0"]
[WhiteElo "1587"]
[BlackElo "1510"]
[TimeControl "2700+45"]

1. d4 d5 2. Bg5 h6 3. Bf4 Nf6 4. e3 Bf5 5. Be2 e6 6. Nf3 Bd6 7. Be5 Bxe5 8. Nxe5 Nbd7 9. g4 Be4 10. Rg1 Nxe5 11. dxe5 Nd7 12. f4 Qh4+ 13. Rg3 Qxh2 14. Rf3 Bxf3 15. Bxf3 Qg1+ 16. Ke2 Qxd1+ 17. Kxd1 O-O-O 18. Nc3 g5 19. Nb5 Kb8 20. c3 f5 21. Nd4 Nc5 22. b4 Ne4 23. Nxe6 Rde8 24. gxf5 Ng3 25. Bxd5 h5 26. f6 Nf5 27. Ke2 c6 28. Bb3 h4 29. Nxg5 Ng3+ 30. Kf3 Rd8 31. Nf7 Rdg8 32. Nxh8 Rxh8 33. Kg2 Ne4 34. Rh1 Nxc3 35. a4 Ne4 36. Bc2 Ng3 37. Rh2 Rg8 38. Kf3 Nf1 39. Rxh4 Rf8 40. Rh7 a5 41. b5 cxb5 42. axb5 Nd2+ 43. Kg4 Ka7 44. f7 Nc4 45. Bb3 Nxe3+ 46. Kg5 a4 47. Be6 Nc2 48. Kf6 Kb6 49. Ke7   {Black resigns} 1-0

[Event "Team 45 45 League T28"]
[Site "Free Internet Chess Server"]
[Date "2005.10.10"]
[Round "4"]
[White "Aul"]
[Black "clarinetref"]
[Result "0-1"]
[WhiteElo "1568"]
[BlackElo "1534"]
[TimeControl "2700+45"]

1. Nf3 Nf6 2. g3 g6 3. Bg2 Bg7 4. O-O d6 5. d3 c5 6. c3 Nc6 7. e4 O-O 8. Re1 Qc7 9. h4 Bg4 10. Bf4 Nh5 11. Qd2 Nxf4 12. Qxf4 Qd7 13. Nh2 Bh3 14. Nd2 Bxg2 15. Kxg2 Be5 16. Qg4 f5 17. exf5 Rxf5 18. Nhf3 e6 19. Nc4 Raf8 20. Ne3 Rxf3 21. Re2 Qf7 22. Rf1 Bg7 23. Nd1 Ne5 24. Qe4 d5 25. Qa4 Rxd3 26. Qxa7 Qf3+ 27. Kg1 Qxe2   {White resigns} 0-1

[Event "Team 45 45 League T28"]
[Site "Free Internet Chess Server"]
[Date "PDT.10.0"]
[Round "4"]
[White "xplan"]
[Black "ahorse"]
[Result "0-1"]
[WhiteElo "1500"]
[BlackElo "1517"]
[TimeControl "2700+45"]

1. e4 c5 2. Nf3 d6 3. d4 Nf6 4. Nc3 cxd4 5. Nxd4 a6 6. Bd3 Nc6 7. Nxc6 bxc6 8. O-O d5 9. e5 Nd7 10. Re1 e6 11. Qf3 Qc7 12. Qg3 a5 13. a3 Ba6 14. Bxa6 Rxa6 15. b3 c5 16. Nb5 Qb8 17. Nd6+ Bxd6 18. Qxg7 Bxe5 19. Rxe5 Qxe5 20. Bb2 Qxg7 21. Bxg7 Rg8 22. Bb2 Rb6 23. Rd1 c4 24. Bd4 Rc6 25. b4 axb4 26. axb4 Rg4 27. b5 Rd6 28. Ba7 Nb6 29. Bb8 Rd7 30. Ra1 d4 31. Ra6 Rb7 32. Ba7 Nd5 33. Ra5 d3 34. cxd3 cxd3 35. Be3 Rb4 36. Ra8+ Kd7   {White resigns} 0-1

[Event "Team 45 45 League T28"]
[Site "Free Internet Chess Server"]
[Date "PDT.10.0"]
[Round "4"]
[White "SamuraiGoroh"]
[Black "grabapawn"]
[Result "1-0"]
[WhiteElo "1521"]
[BlackElo "1385"]
[TimeControl "2700+45"]

1. e4 e6 2. d4 d5 3. e5 c5 4. Bb5+ Bd7 5. Bxd7+ Nxd7 6. Be3 c4 7. Ne2 Ne7 8. Nd2 Nf5 9. O-O Be7 10. Nf3 O-O 11. b3 Nb6 12. a4 a5 13. Nd2 Bb4 14. c3 Be7 15. bxc4 dxc4 16. Ng3 Nxe3 17. fxe3 Bg5 18. Rf3 Qd7 19. Nge4 Bh6 20. Rg3 Nd5 21. Nf6+ Nxf6 22. exf6 Qc6 23. Qh5 Kh8 24. Qe5 Rg8 25. fxg7+ Bxg7 26. Qb5 Bh6 27. Qxc6 bxc6 28. Rxg8+ Rxg8 29. Nxc4 Rg5 30. Ne5 Kg7 31. Nxc6 Rh5 32. Re1 f6 33. g4 Rh3 34. Kg2 Rxe3 35. Rxe3 Bxe3 36. Nxa5 Bd2 37. Nb3 Bxc3 38. a5 e5 39. dxe5 fxe5 40. a6 Bd4 41. Nxd4 exd4 42. Kf3 d3 43. a7 d2 44. Ke2   {Black resigns} 1-0

[Event "Team 45 45 League T28"]
[Site "Free Internet Chess Server"]
[Date "2005.10.10"]
[Round "4"]
[White "Litovec"]
[Black "jestrada"]
[Result "0-1"]
[WhiteElo "1703"]
[BlackElo "1885"]
[TimeControl "2700+45"]

1. e4 Nf6 2. Nc3 e5 3. Bc4 Be7 4. Nf3 d6 5. d3 Bg4 6. Bg5 Nc6 7. Bb5 a6 8. Bxc6+ bxc6 9. Qe2 O-O 10. h3 Bh5 11. Qe3 d5 12. exd5 cxd5 13. Qxe5 Re8 14. O-O Bxf3 15. gxf3 Bd6 16. Qf5 Re5 17. Bxf6 gxf6 18. Qxe5 fxe5 19. Kh1 Qh4 20. Rg1+ Kh8 21. Rg4   {White resigns} 0-1

[Event "Team 45 45 League T28"]
[Site "Free Internet Chess Server"]
[Date "PDT.10.0"]
[Round "4"]
[White "GadsHill"]
[Black "spendius"]
[Result "1/2-1/2"]
[WhiteElo "1657"]
[BlackElo "1748"]
[TimeControl "2700+45"]

1. d4 Nf6 2. c4 c5 3. d5 g6 4. Nc3 Bg7 5. Nf3 d6 6. e4 O-O 7. Be2 Na6 8. O-O Nc7 9. Bf4 Nh5 10. Be3 Nf6 11. Rb1 e6 12. dxe6 Nxe6 13. e5 dxe5 14. Qxd8 Rxd8 15. Nxe5 Nd7 16. Nxd7 Bxd7 17. Nd5 Kf8 18. Rfd1 Nd4 19. Bd3 Ne6 20. Be4 Bc6 21. Rd2 Be5 22. Rbd1 f5 23. Bb1 Nd4 24. Bg5 Rd7 25. Bf6 Bxf6 26. Nxf6 Rf7 27. Nd5 Bxd5 28. cxd5 Rd8 29. b4 Rxd5 30. bxc5 Rfd7 31. Kf1 Kf7 32. a4 Kf6 33. Ba2 Ke5 34. Bxd5 Rxd5 35. Re1+ Kf6 36. Re8 Rd7 37. Rb8 Ke5 38. Rb2 Rc7 39. R8xb7 Rxc5 40. Re7+ Kf6 41. Re1 Rc4 42. Ra2 h6   {Game drawn by mutual agreement} 1/2-1/2

[Event "Team 45 45 League T28"]
[Site "Free Internet Chess Server"]
[Date "PDT.10.0"]
[Round "4"]
[White "seberg"]
[Black "fernbap"]
[Result "1-0"]
[WhiteElo "1615"]
[BlackElo "1659"]
[TimeControl "2700+45"]

1. e4 c5 2. Nf3 e6 3. d4 cxd4 4. Nxd4 a6 5. Nc3 Nc6 6. Be3 Qc7 7. Bd3 Bd6 8. Qg4 Bf8 9. O-O Nge7 10. f4 e5 11. Nf5 d6 12. Nxg7+ Bxg7 13. Qxg7 Rg8 14. Qxh7 Bd7 15. Nd5   {Black resigns} 1-0

[Event "Team 45 45 League T28"]
[Site "Free Internet Chess Server"]
[Date "2005.10.16"]
[Round "4"]
[White "sidiAhmed"]
[Black "ymy"]
[Result "0-1"]
[WhiteElo "1706"]
[BlackElo "1754"]
[TimeControl "2700+45"]

1. d4 Nf6 2. c4 g6 3. Nc3 Bg7 4. e4 d6 5. Nf3 O-O 6. Be2 e5 7. dxe5 dxe5 8. O-O Na6 9. Nxe5 Nxe4 10. Nxe4 Bxe5 11. Bh6 Qh4 12. Nf6+ Bxf6 13. Bxf8 Kxf8 14. Rb1 Bf5 15. Bd3 Rd8 16. g3 Qh6 17. Qf3 Rxd3 18. Qxb7 Nc5 19. Qxc7 Ne6 20. Qxa7 Ng5 21. Qa8+ Kg7 22. h4 Be4 23. hxg5 Qh1#   {White checkmated} 0-1

[Event "Team 45 45 League T28"]
[Site "Free Internet Chess Server"]
[Date "PDT.10.0"]
[Round "4"]
[White "bsdc"]
[Black "dzonson"]
[Result "1-0"]
[WhiteElo "1670"]
[BlackElo "1733"]
[TimeControl "2700+45"]

1. d4 Nf6 2. c4 e6 3. Nc3 b6 4. e4 Bb7 5. d5 exd5 6. exd5 Be7 7. Nf3 O-O 8. Bf4 d6 9. Bd3 Re8 10. O-O Nbd7 11. Qc2 Nc5 12. Rfe1 Nxd3 13. Qxd3 Ba6 14. a4 Bb7 15. b4 c6 16. Rac1 cxd5 17. Nxd5 Bxd5 18. cxd5 Bf8 19. Rxe8 Qxe8 20. Rc6 Qd7 21. b5 Re8 22. Kf1 Re4 23. Rc4 Rxc4 24. Qxc4 Qb7 25. Qc6 Qb8 26. Nd2 h6 27. Nc4 Ne8 28. a5 bxa5 29. Nxa5 Nc7 30. Nb7 Ne8 31. Be3 g5 32. Qa6 Nc7 33. Qc6 Ne8 34. Bd4 Be7 35. Ke2 Bf8 36. Qd7 Qc7 37. Qxe8 Qxb7 38. Qc6 Qe7+ 39. Kd3 f5 40. Qa6 Qe4+ 41. Kc3 Qxd5 42. f3 g4 43. Bxa7 Bg7+ 44. Kb4 Qd2+ 45. Kc4 Qc3+ 46. Kd5 Qd3+ 47. Kc6 gxf3 48. Qa2+ Kh7 49. gxf3 Qxf3+ 50. Qd5 Qc3+ 51. Kxd6 Bf8+ 52. Ke6 Qc8+ 53. Qd7+ Qxd7+ 54. Kxd7 Kg6 55. Bd4 Bb4 56. b6 Bd2 57. b7 Bf4 58. Bb6 Bb8 59. Kc8 Bxh2 60. Bc7 Bxc7 61. Kxc7 Kg5 62. b8=Q f4 63. Qg8+ Kh5 64. Qf7+ Kg5 65. Kd6 h5 66. Ke5   {Black resigns} 1-0

[Event "Team 45 45 League T28"]
[Site "Free Internet Chess Server"]
[Date "PDT.10.0"]
[Round "4"]
[White "kballoloco"]
[Black "xboard"]
[Result "1-0"]
[WhiteElo "1630"]
[BlackElo "1651"]
[TimeControl "2700+45"]

1. d4 Nf6 2. c4 g6 3. Nc3 Bg7 4. Nf3 d6 5. e4 O-O 6. Be2 e5 7. d5 Nbd7 8. O-O a5 9. b3 Nc5 10. Nd2 c6 11. Ba3 Nfd7 12. Rc1 Qc7 13. Bg4 Nd3 14. Rb1 Nf6 15. Bxc8 Raxc8 16. Nf3 Nb4 17. dxc6 bxc6 18. Qe1 Nc2 19. Qc1 Nd4 20. Nd2 Rfd8 21. Qd1 Rb8 22. Nf3 Ne6 23. Qe2 Qd7 24. Rfd1 Qc7 25. c5 d5 26. exd5 Nxd5 27. Ne4 f5 28. Nd6 Nc3 29. Qc4 Nd5 30. Rxd5 cxd5 31. Qxd5 Rxd6 32. cxd6 Qd7 33. Nxe5 Bxe5 34. Qxe5 Rb5 35. Qc3 Rd5 36. Re1 Qb5 37. Qc8+ Nf8 38. d7   {Black resigns} 1-0

[Event "Team 45 45 League T28"]
[Site "Free Internet Chess Server"]
[Date "PDT.10.0"]
[Round "4"]
[White "itsMrPatzer"]
[Black "Aul"]
[Result "0-1"]
[WhiteElo "1469"]
[BlackElo "1561"]
[TimeControl "2700+45"]

1. e4 g6 2. f4 e6 3. d4 d6 4. Nf3 Bg7 5. c4 Nc6 6. Be3 Nf6 7. Nc3 O-O 8. Bd3 Nd7 9. Qd2 f5 10. a3 b6 11. h3 Bb7 12. Ng5 Qe7 13. d5 exd5 14. exd5 Na5 15. Qe2 Rfe8 16. Ne6 Nc6 17. dxc6 Qxe6 18. cxb7 Rab8 19. Nd5 Rxb7 20. Rb1 c6 21. Nc3 Qxe3 22. Qxe3 Rxe3+ 23. Kd2 Bd4 24. Nd1 Rg3   {White resigns} 0-1

[Event "Team 45 45 League T28"]
[Site "Free Internet Chess Server"]
[Date "PDT.10.0"]
[Round "4"]
[White "bahus"]
[Black "RoZa"]
[Result "0-1"]
[WhiteElo "1864"]
[BlackElo "1926"]
[TimeControl "2700+45"]

1. e4 e5 2. Nf3 d6 3. d4 Nf6 4. Nc3 Nbd7 5. Bc4 Be7 6. O-O h6 7. Re1 c6 8. a4 a5 9. Qd3 Qc7 10. Nh4 g6 11. Qg3 Nf8 12. dxe5 dxe5 13. Nf3 N8d7 14. Nd4 Nh5 15. Ne6 Qd6 16. Qg4 Ndf6 17. Nb5 cxb5 18. Bxb5+ Bd7 19. Rd1 Nxg4 20. Rxd6 Bxd6   {White resigns} 0-1

[Event "Team 45 45 League T28"]
[Site "Free Internet Chess Server"]
[Date "2005.10.10"]
[Round "4"]
[White "LLIAMAH"]
[Black "fledermaus"]
[Result "0-1"]
[WhiteElo "1748"]
[BlackElo "1910"]
[TimeControl "2700+45"]

1. c4 e5 2. Nc3 Nc6 3. Nf3 Nf6 4. Qc2 g6 5. b3 Bg7 6. Bb2 O-O 7. e3 d6 8. a3 Nh5 9. Be2 f5 10. Nd5 Ne7 11. Nxe7+ Qxe7 12. d4 e4 13. Nd2 Nf6 14. h3 c6 15. O-O g5 16. f3 exf3 17. Nxf3 Qxe3+ 18. Kh1 Ne4 19. Rfe1 g4 20. Bd3 Nf2+ 21. Kh2 Qxd3 22. Qxf2 Qxb3 23. Ng5 g3+   {White resigns} 0-1

[Event "Team 45 45 League T28"]
[Site "Free Internet Chess Server"]
[Date "PDT.10.0"]
[Round "4"]
[White "HotDonut"]
[Black "TripleCheck"]
[Result "0-1"]
[WhiteElo "1912"]
[BlackElo "2144"]
[TimeControl "2700+45"]

1. Nf3 Nf6 2. c4 e6 3. g3 b5 4. cxb5 c6 5. Nc3 cxb5 6. Nxb5 Ba6 7. Nc3 Nc6 8. Bg2 d5 9. Qa4 Qb6 10. O-O Rc8 11. d3 Bc5 12. Bg5 Nd7 13. Qg4 Nde5 14. Nxe5 Nxe5 15. Qh4 f6 16. Bxf6 gxf6 17. Qxf6 Ng6 18. Na4 Qd6 19. Nxc5 Rxc5 20. Rac1 Rf8 21. Qd4 Rxc1 22. Rxc1 Qd7 23. h4 Rf7 24. h5 Nf8 25. Bf3 Qb7 26. h6 Ng6 27. Bh5 Kd7 28. Bxg6 hxg6 29. Qh8 Qb6 30. e3 Qd8 31. Qd4 Qb6 32. Qh4 Qxb2 33. Qa4+ Kd8 34. Qa5+ Ke8 35. Rc3 Qxf2+ 36. Kh1 Qf1+ 37. Kh2   {White resigns} 0-1

[Event "Team 45 45 League T28"]
[Site "Free Internet Chess Server"]
[Date "PDT.10.0"]
[Round "4"]
[White "watson"]
[Black "TheTactician"]
[Result "1-0"]
[WhiteElo "1967"]
[BlackElo "1864"]
[TimeControl "2700+45"]

1. e4 e5 2. Nf3 f5 3. Nxe5 Qf6 4. d4 d6 5. Nc4 fxe4 6. Nc3 Qg6 7. f3 exf3 8. Qxf3 Nc6 9. Bd3 Qg4 10. Qe3+ Be7 11. Nb5 Kd8 12. O-O a6 13. Nxc7 Kxc7 14. d5 Nd4 15. h3 Bg5 16. hxg4 Bxe3+ 17. Bxe3 Nb5 18. Rf7+ Bd7 19. Bb6+ Kb8 20. Rf8+ Bc8 21. Bf5   {Black resigns} 1-0

[Event "Team 45 45 League T28"]
[Site "Free Internet Chess Server"]
[Date "PDT.10.0"]
[Round "4"]
[White "MidKnightBlue"]
[Black "Akavall"]
[Result "0-1"]
[WhiteElo "1823"]
[BlackElo "1949"]
[TimeControl "2700+45"]

1. e4 e6 2. d4 d5 3. e5 c5 4. c3 Nc6 5. Nf3 Qb6 6. Bd3 Bd7 7. O-O cxd4 8. cxd4 Nb4 9. Be2 Bb5 10. Bxb5+ Qxb5 11. Nc3 Qd7 12. Bd2 Ne7 13. Rc1 Nf5 14. Be3 Be7 15. Re1 O-O 16. a3 Nc6 17. Ne2 Rac8 18. Qd3 f6 19. Rc2 fxe5 20. dxe5 d4 21. Nexd4 Ncxd4 22. Nxd4 Rxc2 23. Qxc2 Nxd4 24. Qd2 Bc5 25. Rd1 Rd8 26. Kh1 Qd5 27. Qa5 Bb6 28. Qa4 Qxe5 29. h3 Qf6 30. g3 e5 31. h4 Qf5 32. Kh2 Rf8 33. Qc4+ Kh8 34. Rc1 Nf3+ 35. Kg2 Bxe3 36. fxe3 e4 37. Rf1 Nxh4+ 38. gxh4 Qxf1+ 39. Qxf1 Rxf1 40. Kxf1 g5 41. h5 h6 42. Ke2 Kg7 43. Kd2 Kf6 44. Kc3 g4 45. Kd2 Kg5 46. Ke2 Kxh5 47. Kf2 Kg5 48. Kg2 h5 49. Kh2 h4 50. Kg2 g3   {White resigns} 0-1

[Event "Team 45 45 League T28"]
[Site "Free Internet Chess Server"]
[Date "PDT.10.0"]
[Round "4"]
[White "ButiOxa"]
[Black "Litovec"]
[Result "1-0"]
[WhiteElo "1790"]
[BlackElo "1684"]
[TimeControl "2700+45"]

1. e4 d5 2. exd5 Nf6 3. d4 Nxd5 4. c4 Nf6 5. Nf3 Bg4 6. Be2 e6 7. Be3 Bb4+ 8. Nc3 Ne4 9. Qc1 Nc6 10. O-O Bxc3 11. bxc3 O-O 12. Bf4 Qe7 13. Qe3 f5 14. c5 Rad8 15. Bb5 Na5 16. Ne5 Bh5 17. f3 Nf6 18. Bg5 h6 19. Bxf6 Rxf6 20. Nc4 Nxc4 21. Bxc4 Kh8 22. Rfe1 Re8 23. Re2 c6 24. Rb1 Bg6 25. f4 Bh5 26. Reb2 Rb8 27. Qe5 Qd8 28. Rxb7 Rxb7 29. Rxb7 Qa5 30. Rb3 Bd1 31. Rb8+ Kh7 32. Bxe6 Bc2 33. Bg8+ Kh8 34. Bf7+ Kh7 35. Rh8+ Kxh8 36. Qe8+   {Black resigns} 1-0

[Event "Team 45 45 League T28"]
[Site "Free Internet Chess Server"]
[Date "PDT.10.0"]
[Round "4"]
[White "Maras"]
[Black "Sportsmen"]
[Result "1-0"]
[WhiteElo "2108"]
[BlackElo "2241"]
[TimeControl "2700+45"]

1. d4 f5 2. Bg5 g6 3. Nc3 Bg7 4. e4 fxe4 5. Nxe4 Nf6 6. Ng3 O-O 7. Nf3 b6 8. Bc4+ Kh8 9. Qd2 Bb7 10. d5 Na6 11. O-O-O Nc5 12. Rde1 a6 13. a3 b5 14. Ba2 a5 15. h4 h5 16. c3 Qe8 17. Bh6 Nd3+ 18. Kd1 Nxf2+ 19. Kc1 Nxh1 20. Rxh1 c6 21. Qg5 cxd5 22. Bxg7+ Kxg7 23. Nf5+ Kg8 24. Re1 Ne4 25. Nxe7+ Kh7 26. Qe5 b4 27. Bb1 bxc3 28. Bxe4 cxb2+ 29. Kb1 dxe4 30. Ng5+ Kh6 31. g4 Rc8 32. gxh5 Rc1+ 33. Rxc1 bxc1=Q+ 34. Kxc1 Rf1+ 35. Kd2 Qf8 36. Nh3   {Black forfeits on time} 1-0

[Event "Team 45 45 League T28"]
[Site "Free Internet Chess Server"]
[Date "PDT.10.0"]
[Round "4"]
[White "sonareclipse"]
[Black "HotDonut"]
[Result "0-1"]
[WhiteElo "2038"]
[BlackElo "1878"]
[TimeControl "2700+45"]

1. e4 c6 2. d4 d5 3. e5 Bf5 4. h4 Qb6 5. Nc3 h6 6. g4 Bd7 7. Nh3 e6 8. Bg2 c5 9. Ne2 Nc6 10. c3 h5 11. g5 Nge7 12. Nhf4 g6 13. a3 Nf5 14. Bxd5 cxd4 15. Be4 Nxe5 16. cxd4 Bc6 17. Bxc6+ Qxc6 18. Rh3 Nf3+ 19. Kf1 N5xh4 20. Be3 Be7 21. d5 Qd7 22. Bd4 e5 23. Bxe5 Nxe5 24. Rxh4 Bxg5 25. Qd4 O-O 26. Rh1 Rae8 27. Rc1 Qg4 28. Rg1 Qf5 29. Rg3 Ng4 30. Rd1 Re4 31. Qd2 Bxf4 32. Nxf4 Rxf4 33. Rg2 Re8 34. Kg1 Ree4 35. d6 Rd4 36. Qe1 Rxd1 37. Qxd1 Rxf2 38. Rg3 Qe5 39. Rh3 Qc5 40. Rc3 Rf1+   {White resigns} 0-1

[Event "Team 45 45 League T28"]
[Site "Free Internet Chess Server"]
[Date "PDT.10.0"]
[Round "4"]
[White "Nemisis"]
[Black "maeck"]
[Result "0-1"]
[WhiteElo "1865"]
[BlackElo "1894"]
[TimeControl "2700+45"]

1. e4 c5 2. Nf3 e6 3. d4 cxd4 4. Nxd4 Nf6 5. Bd3 Nc6 6. Nb3 d5 7. exd5 Nxd5 8. O-O Bd6 9. a3 Nf4 10. Bxf4 Bxf4 11. N1d2 O-O 12. Qh5 g6 13. Qf3 Bxd2 14. Nxd2 Ne5 15. Qe4 Nxd3 16. cxd3 Bd7 17. Qe2 Bc6 18. Ne4 Qd4 19. Rac1 Rad8 20. Rfd1 Qe5 21. Rc5 Qd4 22. Rc4 Qe5 23. Rc5 Rd5 24. d4 Qg7 25. Rxd5 Bxd5 26. Nc3 Rd8 27. Qe5 Bb3 28. Qc7 Qf8 29. Rd2 Qd6 30. Qxb7 Qf4 31. Nb1 Bd5 32. Qb5 Ba2 33. Rd1 Rxd4 34. Rxd4 Qxd4 35. Nc3 Bc4 36. Qb8+ Kg7 37. h3 Qb6 38. Qxb6 axb6 39. f3 Kf6 40. Kf2 Ke5 41. Ke3 g5 42. b4 f5 43. a4 f4+ 44. Kd2 Kd4 45. Ne4 h6 46. Ke1 Bd5 47. Nd6 Kc3 48. a5 b5 49. Nxb5+ Kxb4 50. Nd6 Kxa5 51. Nf7 Kb4 52. Nxh6 e5 53. Kf2 Be6 54. g4 Kc5 55. Ke2 Kd6 56. Kd3 Ke7 57. Ke4 Kf6 58. Nf5 Ba2 59. Nd6 Ke6   {White resigns} 0-1

[Event "Team 45 45 League T28"]
[Site "Free Internet Chess Server"]
[Date "PDT.10.0"]
[Round "4"]
[White "phorku"]
[Black "redback"]
[Result "1-0"]
[WhiteElo "1576"]
[BlackElo "1442"]
[TimeControl "2700+45"]

1. e4 c5 2. Bc4 Nc6 3. d3 e6 4. f4 d5 5. exd5 exd5 6. Qe2+ Be7 7. Bb5 Bd7 8. Nf3 Qa5+ 9. Nc3 d4 10. Bxc6 Bxc6 11. Bd2 Qc7 12. Ne4 Bxe4 13. dxe4 Nf6 14. e5 Nd5 15. Qb5+ Qc6 16. Qxc6+ bxc6 17. O-O O-O 18. c3 Ne3 19. Bxe3 dxe3 20. Rae1 c4 21. Nd4 Rac8 22. Rxe3 Bc5 23. Kh1 Bxd4 24. cxd4 Rb8 25. b3 cxb3 26. Rxb3 Rbd8 27. Rb4 Rd5 28. Rfb1 h6 29. g3 c5 30. dxc5 Rxc5 31. Rb8 Rcc8 32. R8b7 a5 33. Ra7 Ra8 34. Rbb7 Rab8 35. Rxb8 Rxb8 36. Rxa5 Kf8 37. a4 Ke7 38. Ra6 Kd7 39. Kg2 Kc7 40. e6 fxe6 41. Rxe6 Kd7 42. Re5 Kd6 43. Kf3 Ra8 44. Re4 h5 45. Re5 Rxa4 46. Rxh5 Ke6 47. Re5+ Kf6 48. h4 g6 49. Kg4 Ra8 50. h5 gxh5+ 51. Rxh5 Rg8+ 52. Kf3 Rg7 53. g4 Kg6 54. Rg5+ Kf6 55. Rxg7 Kxg7 56. f5 Kf6 57. Kf4 Kf7 58. g5 Kg7 59. Ke5 Kf7 60. g6+ Kg7 61. Ke6 Kf8 62. f6 Kg8 63. Ke7 Kh8 64. g7+ Kg8 65. f7+ Kxg7 66. f8=Q+ Kg6 67. Qf6+ Kh5 68. Qg7 Kh4 69. Kf6   {Black resigns} 1-0

[Event "Team 45 45 League T28"]
[Site "Free Internet Chess Server"]
[Date "PDT.10.0"]
[Round "4"]
[White "mdinutu"]
[Black "MegaSkins"]
[Result "1-0"]
[WhiteElo "1482"]
[BlackElo "1425"]
[TimeControl "2700+45"]

1. e4 d6 2. d4 Nf6 3. Nc3 g6 4. Nf3 Bg7 5. Bc4 Nc6 6. O-O O-O 7. Re1 Bg4 8. Be3 e5 9. d5 Nb8 10. h3 Bxf3 11. Qxf3 c6 12. Bg5 Nbd7 13. Rad1 Qa5 14. Bd2 Qc7 15. Qd3 Nc5 16. Qf3 b5 17. Bf1 b4 18. Nb1 a5 19. c4 bxc3 20. Nxc3 Qb7 21. b3 Nfd7 22. Bc4 Nb6 23. dxc6 Qc7 24. Nd5 Nxd5 25. Bxd5 Ne6 26. Qd3 Nc5 27. Qc4 Na6 28. a3 Nc5 29. b4 axb4 30. axb4 Na4 31. Qb3 Nb6 32. Ra1 Nxd5 33. Qxd5 Rab8 34. b5 Rb6 35. Ba5 Rfb8 36. Bxb6 Rxb6 37. Ra8+ Bf8 38. Rea1 Kg7 39. R1a7   {Black resigns} 1-0

[Event "Team 45 45 League T28"]
[Site "Free Internet Chess Server"]
[Date "2005.10.15"]
[Round "4"]
[White "GadsHill"]
[Black "couv"]
[Result "1-0"]
[WhiteElo "1664"]
[BlackElo "1551"]
[TimeControl "2700+45"]

1. d4 e6 2. c4 d5 3. Nc3 Nf6 4. cxd5 exd5 5. Bg5 Be7 6. e3 O-O 7. Qc2 Ne4 8. Bxe7 Qxe7 9. Nxd5 Qh4 10. Nf3 Qg4 11. Nxc7 Bf5 12. h3 Qg6 13. Qb3 Be6 14. Qxb7 Nxf2 15. Kxf2 Qc2+ 16. Be2 Bc4 17. Rhe1 Na6 18. Rac1   {Black resigns} 1-0

[Event "Team 45 45 League T28"]
[Site "Free Internet Chess Server"]
[Date "PDT.10.0"]
[Round "4"]
[White "Lamtarra"]
[Black "jyntor"]
[Result "1-0"]
[WhiteElo "1557"]
[BlackElo "1584"]
[TimeControl "2700+45"]

1. e4 c6 2. d3 d5 3. Nd2 dxe4 4. Nxe4 e5 5. Nf3 Be6 6. Nxe5 Qa5+ 7. Bd2 Qxe5 8. Bc3 Qc7 9. g3 Nd7 10. Bg2 Ngf6 11. O-O Be7 12. Re1 O-O 13. Ng5 Nc5 14. a3 Bd5 15. d4 Bxg2 16. Kxg2 Na4 17. Qe2 Rfe8 18. Qc4 Nxc3 19. Qxf7+ Kh8 20. Ne6 Bd6 21. Nxc7 Bxc7 22. bxc3 Ba5 23. Rxe8+ Rxe8 24. c4 Bc3 25. Rd1   {Black resigns} 1-0

[Event "Team 45 45 League T28"]
[Site "Free Internet Chess Server"]
[Date "PDT.10.0"]
[Round "4"]
[White "NovoLook"]
[Black "wook"]
[Result "1-0"]
[WhiteElo "1430"]
[BlackElo "1492"]
[TimeControl "2700+45"]

1. e4 c5 2. Nf3 d6 3. d4 cxd4 4. Nxd4 a6 5. c4 Nf6 6. Nc3 e6 7. Be2 Nc6 8. Be3 Be7 9. O-O Qc7 10. Qd2 O-O 11. b3 Rd8 12. Bf3 e5 13. Nf5 g6 14. Nxe7+ Qxe7 15. Bg5 Kg7 16. Nd5 Qd7 17. Bxf6+ Kf8 18. Qh6+ Ke8 19. Qxh7 Qe6 20. Nc7+ Kd7 21. Nxe6 Kxe6 22. Bg5 Bd7 23. Bg4+ f5 24. Qxg6#   {Black checkmated} 1-0

[Event "Team 45 45 League T28"]
[Site "Free Internet Chess Server"]
[Date "2005.10.11"]
[Round "4"]
[White "byrdman"]
[Black "EyeAm"]
[Result "0-1"]
[WhiteElo "1514"]
[BlackElo "1365"]
[TimeControl "2700+45"]

1. e4 e5 2. f4 exf4 3. Nf3 d6 4. Bc4 Bg4 5. d4 Nf6 6. Nc3 Be7 7. Bxf4 O-O 8. O-O Nc6 9. h3 Bh5 10. e5 Ne8 11. g4 Bg6 12. Bd3 Bxd3 13. Qxd3 dxe5 14. Bxe5 Nxe5 15. Nxe5 Nd6 16. Ne2 f6 17. Nf3 f5 18. Qb3+ Kh8 19. gxf5 Rxf5 20. Ne5 Rxf1+ 21. Rxf1 Qg8 22. Qxg8+ Kxg8 23. Nf4 Bf6 24. Nd5 Bxe5 25. dxe5 Nc4 26. b3 Nxe5 27. c4 c6 28. Nf4 Rf8 29. Ne6 Rxf1+ 30. Kxf1 Nd3 31. b4   {White resigns} 0-1

[Event "Team 45 45 League T28"]
[Site "Free Internet Chess Server"]
[Date "PDT.10.0"]
[Round "4"]
[White "leonardobobadilla"]
[Black "coderbird"]
[Result "0-1"]
[WhiteElo "1448"]
[BlackElo "1456"]
[TimeControl "2700+45"]

1. d4 d5 2. c4 Nc6 3. cxd5 Qxd5 4. Nc3 Qxd4 5. Qxd4 Nxd4 6. Kd1 c6 7. Be3 e5 8. Nf3 Nxf3 9. exf3 Ne7 10. Bd3 Bf5 11. Kd2 O-O-O 12. Ne4 Ng6 13. g4 Bxe4 14. fxe4 Nh4 15. Bg5 Nf3+   {White resigns} 0-1